 Dungeon Crawl Stone Soup version 0.18-a0-1577-gf591c28 (webtiles) character file.

118 poirepourri the Shield-Bearer (level 5, 0/33 HPs)
             Began as a Gargoyle Fighter on Mar 17, 2016.
             Slain by a gnoll
             ... wielding a cursed -1 halberd
              (13 damage)
             ... on level 3 of the Dungeon.
             The game lasted 00:05:16 (2308 turns).

poirepourri the Shield-Bearer (Gargoyle Fighter)    Turns: 2308, Time: 00:05:16

Health: 0/33       AC: 11    Str: 21    XL:     5   Next: 2%
Magic:  5/5        EV:  8    Int:  8    God:
Gold:   119        SH:  9    Dex:  9    Spells: 0 memorised, 4 levels left

rFire  . . .     SeeInvis .     a - +0 flail
rCold  . . .     Gourm    .     b - +0 scale mail
rNeg   + . .     Faith    .     c - +0 shield
rPois  ∞         Spirit   .     p - +0 hat
rElec  +         Dismiss  .     (no cloak)
rCorr  .         Reflect  .     (no gloves)
SustAt .         Harm     .     (no boots)
MR     .....                    (no amulet)
Stlth  ..........               (no ring)
                                (no ring)

@: not resistant to hostile enchantments, extremely unstealthy
A: negative energy resistance 1, electricity resistance, unbreathing,
petrification resistance, rot immunity, AC +4
a: no special abilities


You were on level 3 of the Dungeon.
You were not hungry.

You visited 1 branch of the dungeon, and saw 4 of its levels.

You collected 119 gold pieces.

Inventory:

Hand Weapons
 a - a +0 flail (weapon)
Armour
 b - a +0 scale mail (worn)
 c - a +0 shield (worn)
 p - a +0 hat (worn)
Scrolls
 e - a scroll of enchant weapon {unknown}
 h - a scroll of recharging {unknown}
 i - a scroll of fear
 k - a scroll of identify
 l - 2 scrolls of remove curse {unknown}
 q - a scroll of fog {unknown}
Potions
 d - 3 potions of might
 j - a potion of agility {unknown}
 m - 2 potions of curing {unknown}
 n - a potion of brilliance {unknown}
 o - a potion of lignification {unknown}
Comestibles
 f - 4 bread rations
 g - a slice of pizza
 r - a beef jerky


   Skills:
 + Level 3.7 Fighting
 + Level 2.6 Maces & Flails
 + Level 3.8 Armour
 + Level 1.1 Dodging
 + Level 4.6 Shields


You had 4 spell levels left.
You didn't know any spells.

Dungeon Overview and Level Annotations

Branches:
Dungeon (4/15)
 Temple: D:4-7

Altars:
Ashenzari
Dithmenos
Elyvilon
Okawaru
Qazlal
Ru
Trog
The Shining One


Innate Abilities, Weirdness & Mutations

You are resistant to torment.
Your stone body is resilient (AC +4).
You are immune to poison.
You resist negative energy.
You are resistant to electric shocks.
You can survive without breathing.
You are immune to petrification.
You are immune to rotting.


Message History

You block the gnoll's attack.
Your shield and scale mail prevent you from hitting the gnoll.
The gnoll is almost dead.
The gnoll barely misses you.
Your shield prevents you from hitting the gnoll.
The gnoll is almost dead.
The gnoll closely misses you. The gnoll hits you.
You sock the gnoll!
You kill the gnoll!
You have reached level 5!
You start resting.
A gnoll is nearby!
A gnoll is nearby!
A gnoll is nearby!
A gnoll is nearby!
The gnoll shouts!
The gnoll barely misses you.
You hit the gnoll but do no damage. The gnoll hits you with a halberd.
The gnoll hits you from afar with a halberd!
You die...

#.........# ...
#.........# .%..
#.........#
....#####.........#
........#.........#
........#.........#
##......#.........#
............>g.@..#
.......(####.######
##......# #.....#
#.....(# #.....#
#......# #.....#
######.# #.....#
#.###.....#
#..##.....#####
##.##..........


You could see a gnoll.

Vanquished Creatures
  2 gnolls (D:3)
  5 adders
  2 worms (D:2)
  2 giant geckos (D:1)
  3 giant cockroaches
  6 goblins
  9 hobgoblins
  5 bats
  7 giant newts
  5 kobolds
  3 rats (D:2)
49 creatures vanquished.

Notes
Turn   | Place    | Note
--------------------------------------------------------------
     0 | D:1      | poirepourri the Gargoyle Fighter began the quest for the Orb.
     0 | D:1      | Reached XP level 1. HP: 14/14 MP: 1/1
   274 | D:1      | Reached XP level 2. HP: 19/19 MP: 2/2
   814 | D:2      | Reached XP level 3. HP: 23/23 MP: 3/3
   927 | D:2      | Found a faded altar to an unknown god.
   936 | D:2      | Reached skill level 4 in Shields
  1384 | D:2      | Found a stormy altar of Qazlal.
  1385 | D:2      | Found a bloodstained altar of Trog.
  1388 | D:2      | Found a glowing golden altar of the Shining One.
  1390 | D:2      | Found an iron altar of Okawaru.
  1391 | D:2      | Found a sacrificial altar of Ru.
  1403 | D:2      | Reached XP level 4. HP: 25/28 MP: 4/4
  1484 | D:2      | Reached skill level 1 in Dodging
  1568 | D:2      | Found a shattered altar of Ashenzari.
  1568 | D:2      | Found a shadowy altar of Dithmenos.
  1569 | D:2      | Found a white marble altar of Elyvilon.
  2280 | D:3      | Reached XP level 5. HP: 14/33 MP: 5/5
  2308 | D:3      | Slain by a gnoll

Vault maps used:
D:1:      ncdulo_wetmaze
D:2:      grunt_temple_overflow_open, ecumenical_altar_1, first_bread
D:3:      minmay_lizard_king
D:4:      minmay_temple_entry_from_below_a, lightli_corner_chamber,
          uniq_eustachio

Skill      XL: |  1  2  3  4 |
---------------+-------------+-----
Shields        | 4 |  4.6
Dodging        | 1 |  1.1
Fighting       | |  3.7
Maces & Flails | |  2.6
Armour         | |  3.8

Action                   |  1- 3 |  4- 6 || total
-------------------------+-------+-------++-------
Melee: Flail             |   161 |    68 ||   229
  Use: Scroll            |       |     3 ||     3
       Potion            |       |     2 ||     2
  Eat: Meat ration       |     1 |       ||     1
